[Event "Croatian 1B League 2022"]
[Site "Porec"]
[Date "2022.09.29"]
[Round "6.11"]
[White "Tomerlin, Sinisa"]
[Black "Sekelja, Marko"]
[Result "1/2-1/2"]
[ECO "A07"]
[WhiteElo "2184"]
[BlackElo "2088"]
[Annotator "TA"]
[PlyCount "82"]
[EventDate "2022.09.24"]
[EventType "team-tourn"]
[EventCountry "CRO"]
[SourceTitle "playchess.com"]
[Source "ChessBase"]
[SourceQuality "1"]
[TimeControl "40/5400+30:1800+30"]

1. Nf3 Nf6 2. g3 g6 3. Bg2 Bg7 4. d3 d5 5. O-O O-O 6. Nbd2 c6 {[%emt 0:00:59] Recently 6...Nc6 got a lot of attention.} 7. c4 Nbd7 8. Qc2 {[%emt 0:12:54] A07: Réti Opening: New York and Capablanca Systems.} b6 9. Rb1 Bb7 10. b4 {[%emt 0:01:55] [#] The position is equal.} c5 $146 ({Predecessor:} 10... e5 11. e3 Re8 12. Bb2 Qe7 13. Rfc1 Rac8 14. c5 Ba6 15. Ne1 Qe6 16. Nb3 Bb5 {0-1 (31) Fabrin,M (2009)-Jorgensen,D (2253) Helsingor 2015}) 11. a3 Qc7 12. bxc5 Qxc5 13. Qa2 dxc4 14. Nxc4 Rac8 15. Bd2 Qc7 ({Black should try} 15... Bd5 $11) 16. Rfc1 $14 {[%emt 0:02:14][%cal Oc4b6] aiming for Nxb6!} Qb8 17. a4 Bc6 (17... Bd5 $14) 18. Bb4 Nd5 19. Bd2 (19. Be1 $16) 19... Qa8 (19... N5f6 $1 $11) 20. e4 $16 Nc7 21. Bb4 Rce8 (21... Bf6 $142) 22. Bh3 Na6 23. Bc3 Bh6 24. Rc2 (24. Bd2 $16 Bg7 25. Bf1) 24... Nac5 $11 25. Nce5 Bxa4 {[%emt 0:04:16] Hoping for ...Nxe5.} 26. Ng4 Bg7 27. Bxg7 Kxg7 (27... Bxc2 $2 28. Bxf8 Rxf8 29. Qxc2 $18) 28. Rc4 h5 29. Qa1+ {[%emt 0:01:46][%mdl 1024] White has strong compensation.} ({Much worse is} 29. Rxa4 $6 Nxa4 30. Qa1+ (30. Qxa4 $2 hxg4 31. Bxg4 Nc5 $19) 30... f6 $11) 29... f6 30. Ne3 Bc6 {[%emt 0:00:46] [#]} 31. Nd4 {[%emt 0:00:21] White has more active pieces.} (31. d4 $1 $16 ) 31... Ne5 $36 {[%emt 0:02:53][%mdl 2048] Black fights for an advantage.} 32. Rc3 (32. Rxc5 $1 $11 bxc5 33. Ne6+ Kg8 34. Qa2) 32... Bb7 $2 {[%emt 0:07:10][%mdl 8192] [#]} (32... Rd8 $17 {stays on course.} 33. Nxc6 Nxc6) 33. Rd1 $2 ({White has to play} 33. Rxc5 $1 $18 bxc5 34. Ne6+ Kh8 35. Nc7 (35. Nxf8 Rxf8 36. Qa3 Nxd3 $11)) 33... Rd8 34. Nec2 (34. Rxc5 $1 $11 bxc5 35. Ne6+ Kh7 36. Nxf8+ Rxf8 37. Qa3) 34... Kh7 35. Rxc5 bxc5 $19 {[%emt 0:00:22] Black is clearly better.} 36. Ne6 Rxd3 37. Nxf8+ Qxf8 38. Rxd3 Nxd3 39. Bf1 Bxe4 {[%emt 0:02:46] And now ...Ne5 would win.} 40. f3 Bf5 {[%emt 0:00:00] ...Ne5 is the strong threat.} ({Stronger than} 40... Bxf3 41. Bxd3 Qd8 42. Qa3 $11) 41. Ne3 Ne5 {[%emt 0:03:01] Weighted Error Value: White=0.39/Black=0.30} 1/2-1/2

[Event "Croatian 1B League 2022"]
[Site "Porec"]
[Date "2022.09.29"]
[Round "6.12"]
[White "Tomas, Ante"]
[Black "Vlasic, Nenad"]
[Result "1-0"]
[ECO "B06"]
[WhiteElo "2137"]
[BlackElo "2106"]
[Annotator "TA"]
[PlyCount "41"]
[EventDate "2022.09.24"]
[EventType "team-tourn"]
[EventCountry "CRO"]
[SourceTitle "playchess.com"]
[Source "ChessBase"]
[SourceQuality "1"]
[TimeControl "40/5400+30:1800+30"]

1. d4 g6 2. e4 c5 3. dxc5 Bg7 4. Nc3 Qa5 5. Bd2 Qxc5 6. Nd5 {[%emt 0:00:49] Threatens to win with Bb4.} Nf6 $2 {[%emt 0:02:57] B06: Modern Defence.} (6... Na6 $14) 7. Bb4 $18 Qc6 {[%emt 0:02:20] [#]} 8. Bb5 $1 Nxd5 {[%emt 0:06:03] White is clearly better.} 9. Bxc6 Nxb4 10. Bd5 {[%emt 0:01:25] [#]} Bxb2 $146 ({Predecessor:} 10... Nxd5 11. exd5 d6 12. c3 O-O 13. f4 Nd7 14. Nf3 Nc5 15. O-O Bg4 16. h3 Bf5 {1-0 (26) Megias Gonzalez,J-Zamarbide Inarrea,C Pamplona 2000}) 11. Rb1 Bc3+ 12. Kf1 {[%emt 0:00:32][%cal Ob1b4] Rxb4! is the strong threat.} O-O (12... Nxd5 {might work better.} 13. Qxd5 Nc6) 13. h4 Nxd5 14. Qxd5 Nc6 15. h5 d6 16. hxg6 hxg6 17. Qg5 {[%emt 0:11:20] aiming for Ne2.} Be6 18. Nf3 {[%emt 0:04:42] Qh6 would kill now.} ({Inferior is} 18. Rxb7 Bc4+ 19. Ne2 Rfb8 20. Rxb8+ Rxb8 $11) 18... Rfc8 19. Qh4 {[%emt 0:14:32] Threatening mate with e5.} Bxa2 $2 {[%emt 0:07:58][%mdl 8192] [#]} (19... Bg7 $16 20. a3 (20. Rxb7 Rab8 $18) (20. Ng5 Bc4+ 21. Kg1 b6 $16) 20... Rab8) 20. e5 $1 Bc4+ (20... Bxe5 21. Qh7+) 21. Kg1 {[%emt 0:00:07] Weighted Error Value: White=0.18 (very precise) /Black=0.59} 1-0

[Event "Croatian 1B League 2022"]
[Site "Porec"]
[Date "2022.09.30"]
[Round "7.1"]
[White "Draskovic, Luka"]
[Black "Dobrovoljc, Vid"]
[Result "1/2-1/2"]
[ECO "E14"]
[WhiteElo "2492"]
[BlackElo "2402"]
[Annotator "TA"]
[PlyCount "49"]
[EventDate "2022.09.24"]
[EventType "team-tourn"]
[EventCountry "CRO"]
[SourceTitle "playchess.com"]
[Source "ChessBase"]
[SourceQuality "1"]
[TimeControl "40/5400+30:1800+30"]

1. b3 d5 2. Bb2 e6 3. e3 Nf6 4. Nf3 Be7 5. c4 O-O 6. Nc3 b6 7. cxd5 exd5 8. d4 Bb7 9. Bd3 Nbd7 10. O-O Re8 11. Rc1 {[%emt 0:01:29] E14: Queen's Indian: Classical Variation (4 e3).} (11. Ne5 {seems wilder.} Bb4 12. Rc1 Nxe5 13. dxe5 Rxe5 14. Nb5) 11... a6 12. Ne2 {[%emt 0:01:46] is the legacy move (12.Ne5).} Bd6 13. Ng3 g6 14. Qc2 Rc8 15. Qe2 Ra8 16. Rc2 Qe7 17. Rfc1 Rec8 (17... c6 $5) 18. a4 Ne4 {[%emt 0:04:26] [#]} 19. b4 $146 ({Predecessor:} 19. Nd2 h5 20. Ngf1 Ndf6 21. f3 Nxd2 22. Qxd2 Re8 23. Bc3 {1-0 (62) Marin,M (2551)-Parligras,M (2618) Mamaia 2012}) 19... Nxg3 20. hxg3 c6 21. b5 cxb5 22. Rxc8+ Rxc8 23. Rxc8+ {[%emt 0:01:15] The position is equal.} Bxc8 24. axb5 {[%emt 0:00:42] [#] Strongly threatening Qc2.} a5 25. Qc2 {[%emt 0:07:05] An even fight not without its subleties.  Weighted Error Value: White=0.10 (very precise) /Black=0.06 (flawless)} 1/2-1/2

[Event "Croatian 1B League 2022"]
[Site "Porec"]
[Date "2022.09.30"]
[Round "7.2"]
[White "Drnovsek, Gal"]
[Black "Skuhala, Jernej"]
[Result "1-0"]
[ECO "D38"]
[WhiteElo "2393"]
[BlackElo "2349"]
[Annotator "TA"]
[PlyCount "41"]
[EventDate "2022.09.24"]
[EventType "team-tourn"]
[EventCountry "CRO"]
[SourceTitle "playchess.com"]
[Source "ChessBase"]
[SourceQuality "1"]
[TimeControl "40/5400+30:1800+30"]

1. d4 Nf6 2. c4 e6 3. Nf3 d5 4. Nc3 Bb4 5. Qa4+ Nc6 6. e3 O-O 7. Bd2 Bd7 {[%emt 0:01:47][%cal Oc6d4] [#] Strongly threatening ...Nxd4! D38: Queen's Gambit Declined: Ragozin Defence (4 Nf3 Bb4).} 8. Qc2 dxc4 9. Bxc4 Qe7 {[%emt 0:03:27] The position is equal.} 10. O-O e5 11. d5 {[%emt 0:05:44] [#]} (11. a3 {with more complications.} Bd6 12. Ng5 g6 13. d5) 11... Nd8 $146 ({Predecessor:} 11... Nb8 12. e4 c6 13. Bg5 h6 14. dxc6 Bxc6 15. Bxf6 Qxf6 16. Nd5 Bxd5 17. Bxd5 Nc6 18. Bxc6 bxc6 {1-0 (43) Petrosyan,M (2581)-Garayev,K (2404) Manavgat 2018}) 12. e4 Bg4 ({Black should try} 12... a6 $14) 13. Qd3 c6 14. Rfe1 b5 15. Bb3 a6 16. Bg5 (16. Nh4 $16) 16... Qd6 17. h3 Bd7 {[%emt 0:06:05] [#] Black cannot hold the game after this.} (17... Bxf3 $14 18. Qxf3 c5) 18. Bf4 $1 $18 Nxd5 $2 (18... Re8 {was called for.}) 19. Bxe5 (19. Nxd5 cxd5 20. Bxe5 Qg6 $16) ({Worse is} 19. exd5 exf4 20. Ne4 Bf5 $11) 19... Qg6 20. Bg3 {[%emt 0:03:04] Threatens to win with Ne5.} Bc5 (20... Nxc3 $142 21. bxc3 (21. Qxd7 Na4 $16) 21... Bc5) 21. Ne5 {[%emt 0:02:58] Weighted Error Value: White=0.10 (very precise) /Black=0.57} 1-0

[Event "Croatian 1B League 2022"]
[Site "Porec"]
[Date "2022.09.30"]
[Round "7.3"]
[White "Segovic, Goran"]
[Black "Golubovic, Boris"]
[Result "1/2-1/2"]
[ECO "B90"]
[WhiteElo "2304"]
[BlackElo "2360"]
[Annotator "TA"]
[PlyCount "48"]
[EventDate "2022.09.24"]
[EventType "team-tourn"]
[EventCountry "CRO"]
[SourceTitle "playchess.com"]
[Source "ChessBase"]
[SourceQuality "1"]
[TimeControl "40/5400+30:1800+30"]

1. e4 c5 2. Nf3 d6 3. d4 cxd4 4. Nxd4 Nf6 5. Nc3 a6 6. Be3 e5 7. Nb3 Be7 8. f3 Be6 9. Qd2 h5 10. O-O-O Nbd7 11. Nd5 {[%emt 0:03:40] B90: Sicilian Najdorf: Unusual White 6th moves, 6 Be3 Ng4 and 6 Be3 e5.} Nxd5 {[%emt 0:12:33] 11...Nxd5 is better than 11...Bxd5.} 12. exd5 Bf5 13. Bd3 {[%emt 0:00:46] The position is equal.} Bxd3 14. Qxd3 Rc8 15. Kb1 Qc7 16. Rc1 {[%emt 0:09:10] [#]} Qc4 $146 (16... Nb6 {is more complex.} 17. c4 Nxc4 18. Rc3 O-O) ({Predecessor:} 16... b5 17. Nd2 O-O 18. g4 hxg4 19. fxg4 Qb7 20. Ne4 Rc4 21. Rhg1 Nf6 22. Nxf6+ Bxf6 {0-1 (35) Lopez Gonzalez,A (2342)-Ortiz Suarez,I (2578) San Salvador 2016}) 17. Qxc4 Rxc4 18. Nd2 (18. Na5 {might be stronger.} Rc7 19. c4) 18... Rc8 19. c4 a5 20. f4 f5 21. Nf3 e4 22. Nd4 g6 23. Nb5 h4 24. b3 Kf7 {[%emt 0:01:07] Weighted Error Value: White=0.08 (flawless) /Black=0.08 (flawless)} 1/2-1/2

[Event "Croatian 1B League 2022"]
[Site "Porec"]
[Date "2022.09.30"]
[Round "7.4"]
[White "Petrov, Jole"]
[Black "Makovec, Bruno"]
[Result "0-1"]
[ECO "E04"]
[WhiteElo "2370"]
[BlackElo "2258"]
[Annotator "TA"]
[PlyCount "80"]
[EventDate "2022.09.24"]
[EventType "team-tourn"]
[EventCountry "CRO"]
[SourceTitle "playchess.com"]
[Source "ChessBase"]
[SourceQuality "1"]
[TimeControl "40/5400+30:1800+30"]

1. d4 Nf6 2. c4 e6 3. Nf3 d5 4. g3 dxc4 5. Bg2 c6 6. a4 {[%emt 0:04:43][%mdl 1024] White has compensation. E04: Open Catalan: 5 Nf3.} Bb4+ 7. Nc3 (7. Bd2 $5 a5 8. Qc2 $11) 7... Nd5 8. Bd2 {[%emt 0:06:07] [#] The position is equal.} a5 $146 ({Predecessor:} 8... b5 9. O-O a6 10. axb5 Bxc3 11. bxc3 cxb5 12. Qb1 Bb7 13. Re1 Nd7 14. e4 Ne7 15. Bc1 h6 16. Nd2 Nb6 17. Ba3 {½-½ (17) Gurevich,D (2540)-Novikov,I (2550) Toronto 1998}) 9. e4 Ne7 10. Qe2 b6 11. O-O O-O 12. Rfd1 ({But not} 12. Qxc4 Ba6 13. Qb3 Bxf1 14. Rxf1 Nd7 $17) 12... Nd7 13. Qxc4 Ba6 14. Qa2 Rc8 15. Be3 Qc7 16. Rac1 Qb8 17. h3 (17. Ng5 {with more complications.} Nf6 18. e5 Nfd5 19. Qb1) 17... h6 18. Nd2 e5 19. f4 exd4 20. Bxd4 Nc5 {[%emt 0:00:50] White must now prevent ...Nd3.} 21. Nc4 Rcd8 22. Ne5 {[%emt 0:06:30] [#]} (22. Kh2 $11) 22... Nd3 $1 23. Nxd3 {[%emt 0:02:46] Threatens to win with Ne5.} Rxd4 24. Nxb4 (24. Ne5 {is more complex.} Bc5 25. Kh1 Bc8 26. Qb1) 24... Rxd1+ 25. Nxd1 axb4 26. Ne3 Qd6 (26... Rd8 $15) 27. Qb3 c5 28. Rd1 {[%emt 0:00:41] Inhibits Qd2.} Qc7 29. Nd5 Nxd5 30. Qxd5 c4 31. Bf1 (31. e5 $1 $11 {keeps the balance.}) 31... Rc8 $1 $17 32. b3 $2 {[%emt 0:00:20] [#]} (32. Kf2 $17) 32... Qa7 $1 $19 {[%emt 0:01:04] Strongly threatening ...b5+.} 33. bxc4 (33. Kh2 {was the only chance.} cxb3 34. Bg2) 33... Bxc4 34. Qd7 (34. Qd4 Bxf1 35. Kxf1 Qxa4 36. Kf2) 34... Qxd7 35. Rxd7 Bxf1 36. Kxf1 {[%emt 0:00:06] KR-KR} b3 37. Rd2 Rc1+ $2 (37... Rc2 $19 {is more deadly.} 38. Rd6 b2 39. Rxb6 Rc1+ 40. Ke2 b1=Q 41. Rxb1 Rxb1) 38. Ke2 $17 {[%emt 0:00:03] [#]} Rc3 $1 39. Rd8+ ({White should play} 39. Rd4) 39... Kh7 {[%emt 0:00:00] Hoping for ...b2.} 40. Kd2 $2 (40. Rd4 $17) 40... b2 {[%emt 0:00:00] Weighted Error Value: White=0.57/Black=0.28 (precise)} 0-1

[Event "Croatian 1B League 2022"]
[Site "Porec"]
[Date "2022.09.30"]
[Round "7.5"]
[White "Zadravec, Matija"]
[Black "Zelenika, Srdjan"]
[Result "1/2-1/2"]
[ECO "B30"]
[WhiteElo "2250"]
[BlackElo "2207"]
[Annotator "TA"]
[PlyCount "127"]
[EventDate "2022.09.24"]
[EventType "team-tourn"]
[EventCountry "CRO"]
[SourceTitle "playchess.com"]
[Source "ChessBase"]
[SourceQuality "1"]
[TimeControl "40/5400+30:1800+30"]

1. e4 c5 2. Nc3 Nc6 3. Bb5 Nd4 4. Nf3 e6 5. O-O a6 6. Bd3 Nc6 {[%emt 0:16:41] B30: Sicilian: 2...Nc6 3 Bb5, lines without ...g6.} 7. Re1 d6 (7... g5 $142 $1 8. g3 d6) 8. b3 (8. Bc4 $11) 8... Be7 (8... g5 $1 $15 9. g3 Bg7) 9. Bb2 $11 Nf6 {[%emt 0:02:13] Inhibits Nd5.} 10. e5 dxe5 11. Nxe5 Nb4 12. Bf1 O-O 13. a3 Nbd5 {[%emt 0:00:10] [#]} 14. Nxd5 $146 ({Predecessor:} 14. d4 cxd4 15. Qxd4 Nxc3 16. Qxc3 Nd5 17. Qg3 Bf6 18. Rad1 Qc7 19. c4 Ne7 20. Ng4 Qxg3 21. Nxf6+ gxf6 22. hxg3 {½-½ (57) Bugayev,V-Guimaraes,W (2211) Chess.com INT 2021}) 14... Nxd5 15. d4 (15. Qh5 {feels hotter.} Qc7 16. Bd3 f5 17. Qf3) 15... f6 16. Nf3 Kh8 (16... cxd4 $11 17. Qxd4 e5) 17. c4 $16 Nc7 18. Qc2 {[%emt 0:01:23] dxc5 is the strong threat.} cxd4 19. Bxd4 (19. Nxd4 $16 e5 20. Nf5) 19... e5 $14 20. Bb6 {[%emt 0:00:04] Strongly threatening Red1.} Qd6 21. c5 Qc6 22. Bd3 {[%emt 0:00:01] White is more active.} Nd5 $1 23. Be4 {[%emt 0:07:34] Hoping for Rad1.} Qe6 $1 24. Bxh7 (24. Ba5 $14) 24... Nxb6 $11 25. Nh4 (25. cxb6 $11 f5 26. Nxe5 (26. Rxe5 Qf6 $17) 26... Kxh7 27. Nc4 (27. Nc6 $2 Qxc6 28. Qxc6 bxc6 $19)) 25... f5 $17 26. Rxe5 Bxh4 (26... Kxh7 $2 27. Rxe6 Bxe6 28. Qe2 Bxh4 29. Qxe6 $16) (26... Qf6 $17 27. Ng6+ Kxh7 28. Nxf8+ Bxf8) 27. Rxe6 $16 Bxe6 28. Bg6 {[%emt 0:00:16] aiming for Qe2.} Nd5 29. Re1 (29. g3 $1 $16 {Threatens to win with Qe2.} Bg5 30. Re1) 29... Bg8 $1 $14 30. g3 $40 {[%emt 0:00:50][%mdl 128] White attacks.} Bg5 (30... Ne7 $1 $14) 31. f4 $1 $18 (31. Bxf5 $6 Rad8 $16) 31... Bf6 (31... Bh6 $16 32. b4 (32. Bxf5 Rad8 $16) 32... Nf6 33. Qxf5 Rad8) 32. Qd1 Bh7 33. Bxh7 (33. Qxd5 Bxg6 34. Qxb7 Rab8 $11) 33... Rad8 34. Bg6 (34. Bxf5 {White threatens Qh5+ and mate.} g6 35. Bxg6 Nxf4 36. Qg4 (36. gxf4 Rxd1 37. Rxd1 Bb2 $18) 36... Nxg6 37. Qxg6) 34... Nxf4 {[%emt 0:00:16] [#]} 35. gxf4 (35. Qf3 $1 $18 Bd4+ 36. Kh1 Nxg6 37. Qh5+ Kg8 38. Qxg6) 35... Rxd1 $16 36. Rxd1 $18 {[%emt 0:00:01][%mdl 4096] Endgame KRB-KRB} Bb2 37. a4 Ba3 38. Rd5 Bc1 (38... Kg8 $16 39. Kg2 (39. Bxf5 g6 $16) 39... Rf6) 39. Kf2 ({But not} 39. Rxf5 Rxf5 40. Bxf5 Bxf4 $16) 39... Bxf4 40. Rxf5 (40. Rd7 $18 {is more deadly.}) 40... Rxf5 $16 41. Bxf5 {[%emt 0:00:38] Black must now prevent Bc8. KB-KB} Kg8 ({Black should play} 41... a5) 42. Bc8 a5 43. Bxb7 ({White should try} 43. h3) 43... Kf8 (43... Bxh2 $142 44. Bf3 Kf8) 44. Kf3 Bxh2 45. Ke4 Ke7 46. Kd5 Kd7 47. Kc4 Kc7 48. Bf3 {[%emt 0:00:28] And now Kb5 would win.} Bg3 49. b4 axb4 50. Kxb4 Kb8 {[%emt 0:05:47] [#]} 51. Kb5 $1 Bf4 52. a5 Bg3 53. Kb6 Bc7+ 54. Kb5 Bg3 $1 55. a6 (55. Be4 $16) 55... Bf4 {[%emt 0:00:27] The position is equal.} 56. Kb6 Bc7+ 57. Kc6 {[%emt 0:00:01][%cal Oa6a7] Intending a7+! and mate.} Bf4 58. Be4 Bg3 59. Kd7 Bf4 60. Bf3 Bg3 61. c6 Bf4 62. a7+ Kxa7 63. c7 Bxc7 64. Kxc7 {[%emt 0:00:03] Black escapes into a draw.  Weighted Error Value: White=0.32/Black=0.32} 1/2-1/2

[Event "Croatian 1B League 2022"]
[Site "Porec"]
[Date "2022.09.30"]
[Round "7.6"]
[White "Klobucar, Dean"]
[Black "Novak, Ivan"]
[Result "1-0"]
[ECO "B53"]
[WhiteElo "2196"]
[BlackElo "2247"]
[Annotator "TA"]
[PlyCount "77"]
[EventDate "2022.09.24"]
[EventType "team-tourn"]
[EventCountry "CRO"]
[SourceTitle "playchess.com"]
[Source "ChessBase"]
[SourceQuality "1"]
[TimeControl "40/5400+30:1800+30"]

1. e4 c5 2. Nf3 d6 3. d4 cxd4 4. Qxd4 Nc6 5. Bb5 a6 6. Bxc6+ {[%emt 0:00:04] B53: Sicilian: 2...d6: Lines with Qxd4.} bxc6 7. c4 e5 8. Qd3 {[%emt 0:00:14] The position is equal.} Qc7 9. O-O Nf6 10. Nc3 h6 11. Be3 Be7 {[%emt 0:04:33] [#]} 12. Rfc1 $146 ({Predecessor:} 12. Rac1 Be6 13. Rfd1 O-O 14. b3 Rfd8 15. h3 Qb8 16. Qc2 d5 17. cxd5 cxd5 18. exd5 Nxd5 19. Nxd5 Rxd5 20. Rxd5 Bxd5 {½-½ (48) Gavric,M (2403)-Divljan,B (2154) Banja Vrucica 2013}) 12... Be6 13. Nd5 cxd5 14. cxd5 Qb7 15. dxe6 fxe6 16. Nd2 Kf7 (16... O-O $11) 17. Nc4 $14 {[%emt 0:02:04][%cal Od3d6] Strongly threatening Qxd6!} Rhd8 (17... Nxe4 18. f3 Nf6 19. Qxd6 $3 $16 (19. Nxd6+ Bxd6 20. Qxd6 Rhc8 $16)) 18. f3 Rac8 19. Rc2 Qb5 20. Rac1 Rb8 (20... Kf8 $14) 21. b3 (21. Qd2 $142) 21... Kg8 $16 22. Qf1 (22. Qe2 $16) 22... Nd7 $11 23. Nd2 (23. Qd1 $5 ) 23... Nc5 (23... d5 $1 $11 {keeps the balance.}) 24. Nc4 (24. Rc3 $16) 24... Nd7 $1 25. Nd2 d5 26. Rc6 Bb4 27. a4 (27. Rxa6 d4 28. Qxb5 Rxb5 29. Bxh6 gxh6 $19) 27... Qb7 {[%emt 0:01:36] And now ...d4 would win.} 28. exd5 {[%emt 0:03:35] Qd3 is the strong threat.} (28. Rxa6 $2 d4 29. Bf2 Bxd2 $19) (28. Qxa6 $2 Qxa6 29. Rxa6 d4 30. Bxh6 gxh6 $19) 28... exd5 {[%emt 0:00:08] [#]} (28... Nf6 $1 $11 29. d6 (29. Rxe6 $2 Qxd5 30. Rxf6 Bxd2 $19) (29. Rxa6 $2 Nxd5 30. Ra7 Bxd2 $19) (29. Qxa6 Qxa6 30. Rxa6 Nxd5 $17) 29... Nd5) 29. Qd3 $1 $36 {[%emt 0:00:17][%mdl 2048] Threatens to win with Rc7. Black is under strong pressure. White has more active pieces.} (29. Qxa6 $2 Qxa6 30. Rxa6 d4 31. Bxh6 gxh6 $19) (29. Rxa6 $6 Rdc8 30. Rxc8+ Qxc8 $11) 29... d4 (29... Kh8 $16) 30. Bxh6 $1 $18 Bxd2 (30... Nc5 31. R1xc5 Bxc5 32. Qc4+ (32. Rxc5 gxh6 33. Qg6+ Qg7 $16) 32... Kh7 33. Rxc5 (33. Qxc5 Rbc8 $14) 33... Kxh6) 31. Bxd2 $2 (31. Qxd2 $18 Qxb3 32. Rg6 (32. Rxa6 gxh6 33. Qxh6 Qe3+ 34. Qxe3 dxe3 $17)) 31... Qxb3 $16 32. Qe4 Re8 (32... d3 $16 {might work better.} 33. R6c3 (33. Rxa6 Qa2 $16) 33... Qe6) 33. Bg5 ({Don't play} 33. Rxa6 Rbc8 $16) (33. Rc7 $18 Qe6 34. R1c6) 33... Nb6 {[%emt 0:00:42][%mdl 8192] This costs Black the game.} (33... Nf8 $16) 34. Rb1 $18 Qxa4 35. Rcxb6 Rxb6 36. Rxb6 Qc4 {[%emt 0:00:42] Inhibits Qd5+.} 37. Rb7 {[%emt 0:00:32] White threatens Qg6 and mate.} Qe6 {[%emt 0:00:20] Inhibits Qg6.} 38. h4 {[%emt 0:00:24][%cal Bh2h4,Bh4h5][%mdl 32] Threatening mate with h5.} a5 39. h5 {[%emt 0:00:42] Weighted Error Value: White=0.37/Black=0.83} 1-0

[Event "Croatian 1B League 2022"]
[Site "Porec"]
[Date "2022.09.30"]
[Round "7.7"]
[White "Dragnev, Valentin"]
[Black "Brkic, Ante"]
[Result "1/2-1/2"]
[ECO "E54"]
[WhiteElo "2544"]
[BlackElo "2602"]
[Annotator "TA"]
[PlyCount "41"]
[EventDate "2022.09.24"]
[EventType "team-tourn"]
[EventCountry "CRO"]
[SourceTitle "playchess.com"]
[Source "ChessBase"]
[SourceQuality "1"]
[TimeControl "40/5400+30:1800+30"]

1. d4 Nf6 2. c4 e6 3. Nc3 Bb4 4. e3 O-O 5. Bd3 d5 6. Nf3 dxc4 7. Bxc4 c5 8. O-O cxd4 9. exd4 b6 10. Bg5 Bb7 11. Ne5 {[%emt 0:00:14] The position is equal.} Nbd7 {[%emt 0:00:06] E54: Nimzo-Indian: Rubinstein: Main Line: 7...dxc4 8 Bxc4.} 12. Nxd7 Qxd7 13. Bxf6 gxf6 14. d5 {[%emt 0:00:11] Hoping for dxe6.} Bxc3 15. bxc3 Bxd5 ({Don't take} 15... exd5 16. Bd3 h6 17. Qh5 $14) 16. Qg4+ Kh8 {[%emt 0:00:04][%cal Od5g2] [#] Strongly threatening ...Bxg2!} 17. Qh4 {[%emt 0:00:06] 17.Qd4 is vanishing.} Bxc4 18. Qxf6+ Kg8 19. Qg5+ Kh8 20. Qf6+ Kg8 {[%emt 0:00:04] [#]} 21. Qg5+ $146 {[%emt 0:00:04] An even fight not without its subleties.  Weighted Error Value: White=0.00 (flawless) /Black=0.00 (flawless)} ({Predecessor:} 21. Rfd1 Qd8 {½-½ (23) David,A (2427)-Macovei,A (2470) Targu Mures 2022}) 1/2-1/2

[Event "Croatian 1B League 2022"]
[Site "Porec"]
[Date "2022.09.30"]
[Round "7.8"]
[White "Saraci, Nderim"]
[Black "Shengelia, David"]
[Result "1/2-1/2"]
[ECO "B52"]
[WhiteElo "2490"]
[BlackElo "2451"]
[Annotator "TA"]
[PlyCount "38"]
[EventDate "2022.09.24"]
[EventType "team-tourn"]
[EventCountry "CRO"]
[SourceTitle "playchess.com"]
[Source "ChessBase"]
[SourceQuality "1"]
[TimeControl "40/5400+30:1800+30"]

1. e4 c5 2. Nf3 d6 3. Bb5+ Bd7 4. Bxd7+ Qxd7 5. c4 Nf6 6. Nc3 Nc6 7. d4 cxd4 8. Nxd4 g6 9. f3 Bg7 10. Be3 O-O {[%emt 0:00:04] [#]} {Predecessor:} 11. O-O $146 {B52: Sicilian: Moscow Variation with 3...Bd7.} Rad8 12. Nxc6 bxc6 13. Qa4 c5 14. Qxd7 Nxd7 15. Rac1 Bxc3 16. Rxc3 Ne5 17. Rd1 Nc6 18. Kf2 f5 19. exf5 gxf5 {1-0 (56) Fedoseev,V (2685)-Oparin,G (2683) Chess.com INT 2022} 1/2-1/2

[Event "Croatian 1B League 2022"]
[Site "Porec"]
[Date "2022.09.30"]
[Round "7.9"]
[White "Sertic, Rudolf"]
[Black "Milanovic, Danilo"]
[Result "1/2-1/2"]
[ECO "B33"]
[WhiteElo "2357"]
[BlackElo "2403"]
[Annotator "TA"]
[PlyCount "25"]
[EventDate "2022.09.24"]
[EventType "team-tourn"]
[EventCountry "CRO"]
[SourceTitle "playchess.com"]
[Source "ChessBase"]
[SourceQuality "1"]
[TimeControl "40/5400+30:1800+30"]

1. e4 c5 2. Nf3 Nc6 3. d4 cxd4 4. Nxd4 Nf6 5. Nc3 e5 6. Ndb5 d6 7. Bg5 a6 8. Na3 b5 9. Nd5 {[%emt 0:00:04] [#]} Qa5+ $146 ({Predecessor:} 9... Be7 10. Bxf6 Bxf6 11. c3 Bg5 12. Nc2 Rb8 13. Bd3 O-O 14. Ncb4 Nxb4 15. cxb4 Be6 16. Bc2 a5 17. a3 Bxd5 18. Qxd5 Qc7 19. Bd1 axb4 20. axb4 Qc4 21. Bb3 Qxb4+ {½-½ (64) Dominguez Perez,L (2754)-Xiong,J (2690) Saint Louis 2022}) 10. Bd2 Qd8 11. Bg5 Qa5+ {[%emt 0:00:04] 11...Rb8 is the modern continuation.} 12. Bd2 Qd8 13. Bg5 (13. Bd3 $14) 1/2-1/2

[Event "Croatian 1B League 2022"]
[Site "Porec"]
[Date "2022.09.30"]
[Round "7.10"]
[White "Bubalovic, Davorin"]
[Black "Drmic, Tomislav"]
[Result "1/2-1/2"]
[WhiteElo "2201"]
[BlackElo "2254"]
[Annotator "TA"]
[PlyCount "27"]
[EventDate "2022.09.24"]
[EventType "team-tourn"]
[EventCountry "CRO"]
[SourceTitle "playchess.com"]
[Source "ChessBase"]
[SourceQuality "1"]
[TimeControl "40/5400+30:1800+30"]

1. e4 d6 2. d4 Nd7 3. Nf3 c6 4. Nc3 e5 5. a4 a5 {[%emt 0:00:15] White is slightly better.} 6. Bc4 {[%emt 0:00:22] C41: Philidor Defence.} Be7 7. dxe5 {[%emt 0:00:05] White is much more active.} dxe5 {[%emt 0:00:08] [#]  Weighted Error Value: White=0.00 (flawless) /Black=0.10 (very precise)} {Predecessor:} 8. Ng5 $146 Nh6 9. Bxf7+ Nxf7 10. Ne6 Qb6 11. Nxg7+ Kd8 12. Qh5 Rf8 13. Ne6+ Ke8 14. Ng7+ {0-1 (20) Estrada Nieto,J (2253)-Gaehwiler,G (2400) Chess.com INT 2021} 1/2-1/2